[ AOE2 MATCH · #505095761 ]
UnrankedVietnamese vs Huns
[ REPLAY ANALYSIS · EXTRACTED FROM THE RECORDED GAME ]
Feudal
12:13
Castle
24:57
Imperial
50:09
| APM avg | 49.4 |
| APM peak | 88 |
| eAPM avg | 22.2 |
| Villagers / military | 119 / 113 |
Focus
⚔️ 24.5% · 🌾 75.5%
Archer ×74 · Rattan Archer ×9 · Mangonel ×8 · Cavalry Archer ×6 · Battle Elephant ×6 · Spearman ×3
Feudal
12:55
Castle
17:40
Imperial
—
| APM avg | 37.6 |
| APM peak | 86 |
| eAPM avg | 15.9 |
| Villagers / military | 169 / 105 |
Focus
⚔️ 27.9% · 🌾 72.1%
Conquistador ×100 · Battering Ram ×5
Feudal
12:32
Castle
20:18
Imperial
—
| APM avg | 27.6 |
| APM peak | 54 |
| eAPM avg | 10.4 |
| Villagers / military | 74 / 94 |
Focus
⚔️ 29.5% · 🌾 70.5%
Cavalry Archer ×87 · Scout Cavalry ×4 · Tarkan ×3
Feudal
14:21
Castle
23:23
Imperial
45:15
| APM avg | 39.9 |
| APM peak | 69 |
| eAPM avg | 23.8 |
| Villagers / military | 178 / 176 |
Focus
⚔️ 30.8% · 🌾 69.2%
Knight ×157 · Scout Cavalry ×9 · Camel Scout ×4 · Battering Ram ×3 · Trebuchet (Packed) ×3
Feudal
13:07
Castle
25:42
Imperial
—
| APM avg | 20.5 |
| APM peak | 51 |
| eAPM avg | 10.1 |
| Villagers / military | 109 / 53 |
Focus
⚔️ 23.7% · 🌾 76.3%
Steppe Lancer ×39 · Skirmisher ×5 · Archer ×4 · Monk ×3 · Mangudai ×2
Feudal
13:04
Castle
24:38
Imperial
40:11
| APM avg | 41.4 |
| APM peak | 98 |
| eAPM avg | 21.4 |
| Villagers / military | 162 / 200 |
Focus
⚔️ 28.2% · 🌾 71.8%
Archer ×166 · Mameluke ×13 · Mangonel ×9 · Monk ×5 · Trebuchet (Packed) ×5 · Skirmisher ×2
Match map
Initial resources + every placement click. Lines = walls · curves = elevation contours. ◆ gold · ⬟ stone · ● berries · ✦ relic · ◌ wall gap
Your base· Open — unwalled flank
LMG_Leonardo's base· Open — unwalled flank
Mayhem's base· Open — unwalled flank
LMG_SON SABANDIJAS's base· Open — unwalled flank
Niimiiitzz''s base· Open — unwalled flank
Mark Renton's base· Open — unwalled flank
Smoothed initial terrain · ◌ = detected wall gap · hover for details
Inputs per minute
— LMG_HERA DE TEMU - - LMG_Leonardo
Build order — LMG_HERA DE TEMU
First 150 of 351 actions detected
| 0:04 | Build | Town Center |
| 0:09 | Build | House |
| 0:19 | Build | House |
| 2:48 | Queue | Villager (Male) |
| 2:48 | Queue | Villager (Male) |
| 2:48 | Queue | Villager (Male) |
| 2:49 | Queue | Villager (Male) |
| 2:49 | Queue | Villager (Male) |
| 2:49 | Queue | Villager (Male) |
| 4:02 | Queue | Villager (Male) |
| 4:02 | Queue | Villager (Male) |
| 4:03 | Queue | Villager (Male) |
| 4:43 | Queue | Villager (Male) |
| 4:44 | Queue | Villager (Male) |
| 4:44 | Queue | Villager (Male) |
| 4:44 | Queue | Villager (Male) |
| 5:07 | Build | Lumber Camp |
| 5:53 | Queue | Villager (Male) |
| 5:53 | Queue | Villager (Male) |
| 5:53 | Queue | Villager (Male) |
| 5:53 | Queue | Villager (Male) |
| 5:54 | Queue | Villager (Male) |
| 6:05 | Research | Loom |
| 6:06 | Queue | Villager (Male) |
| 6:06 | Queue | Villager (Male) |
| 6:07 | Queue | Villager (Male) |
| 6:50 | Queue | Villager (Male) |
| 6:50 | Queue | Villager (Male) |
| 7:32 | Build | House |
| 7:36 | Build | House |
| 7:51 | Queue | Villager (Male) |
| 7:51 | Queue | Villager (Male) |
| 7:52 | Queue | Villager (Male) |
| 8:27 | Build | Mill |
| 8:34 | Queue | Villager (Male) |
| 8:34 | Queue | Villager (Male) |
| 9:58 | Research | Feudal Age |
| 9:58 | Research | Feudal Age |
| 10:27 | Build | Barracks |
| 11:27 | Queue | Villager (Male) |
| 11:27 | Queue | Villager (Male) |
| 12:13 | Age | Feudal Age |
| 12:27 | Queue | Villager (Male) |
| 12:27 | Queue | Villager (Male) |
| 12:27 | Queue | Villager (Male) |
| 12:32 | Build | Archery Range |
| 12:40 | Research | Double-Bit Axe |
| 12:45 | Build | Mining Camp |
| 12:55 | Build | Mining Camp |
| 13:16 | Queue | Spearman |
| 13:18 | Queue | Archer |
| 13:18 | Queue | Archer |
| 13:20 | Queue | Spearman |
| 13:37 | Build | Palisade Wall |
| 13:39 | Build | Palisade Gate |
| 13:43 | Build | House |
| 13:48 | Build | House |
| 13:52 | Build | House |
| 13:59 | Research | Town Watch |
| 14:01 | Queue | Archer |
| 14:02 | Queue | Archer |
| 14:17 | Queue | Villager (Male) |
| 14:17 | Queue | Villager (Male) |
| 14:37 | Queue | Archer |
| 14:38 | Queue | Archer |
| 14:43 | Build | Blacksmith |
| 14:59 | Queue | Villager (Male) |
| 14:59 | Queue | Villager (Male) |
| 15:10 | Build | Mill |
| 15:20 | Queue | Archer |
| 15:20 | Queue | Archer |
| 15:28 | Build | House |
| 15:30 | Build | House |
| 15:48 | Queue | Villager (Male) |
| 15:48 | Queue | Villager (Male) |
| 16:08 | Queue | Archer |
| 16:09 | Queue | Archer |
| 16:09 | Queue | Archer |
| 16:12 | Queue | Spearman |
| 16:26 | Queue | Villager (Male) |
| 16:27 | Queue | Villager (Male) |
| 16:27 | Queue | Villager (Male) |
| 16:35 | Research | Fletching |
| 16:41 | Build | Archery Range |
| 16:45 | Queue | Archer |
| 16:46 | Queue | Archer |
| 16:46 | Queue | Archer |
| 17:20 | Queue | Villager (Male) |
| 17:21 | Queue | Villager (Male) |
| 17:21 | Queue | Villager (Male) |
| 17:39 | Queue | Archer |
| 17:39 | Queue | Archer |
| 17:40 | Queue | Archer |
| 17:42 | Build | Stable |
| 18:02 | Queue | Villager (Male) |
| 18:03 | Queue | Villager (Male) |
| 18:30 | Queue | Archer |
| 18:30 | Queue | Archer |
| 18:30 | Queue | Archer |
| 18:37 | Research | Padded Archer Armor |
| 18:50 | Build | Farm |
| 18:51 | Build | Farm |
| 18:52 | Build | Farm |
| 18:54 | Queue | Villager (Male) |
| 18:54 | Queue | Villager (Male) |
| 18:57 | Queue | Scout Cavalry |
| 19:07 | Queue | Archer |
| 19:07 | Queue | Archer |
| 19:41 | Build | House |
| 19:43 | Build | House |
| 19:55 | Queue | Archer |
| 19:55 | Queue | Archer |
| 19:56 | Queue | Villager (Male) |
| 19:56 | Queue | Villager (Male) |
| 19:57 | Build | House |
| 19:58 | Build | House |
| 20:37 | Build | Market |
| 21:00 | Queue | Archer |
| 21:00 | Queue | Archer |
| 21:00 | Queue | Archer |
| 22:17 | Research | Castle Age |
| 22:17 | Research | Castle Age |
| 22:17 | Research | Castle Age |
| 23:00 | Queue | Archer |
| 23:01 | Queue | Archer |
| 23:01 | Queue | Archer |
| 23:01 | Queue | Archer |
| 23:01 | Queue | Archer |
| 23:07 | Build | Farm |
| 23:10 | Research | Gold Mining |
| 23:41 | Queue | Archer |
| 23:42 | Queue | Archer |
| 23:42 | Queue | Archer |
| 23:52 | Build | Archery Range |
| 23:57 | Build | Mining Camp |
| 24:39 | Queue | Archer |
| 24:40 | Queue | Archer |
| 24:40 | Queue | Archer |
| 24:49 | Research | Stone Mining |
| 24:53 | Queue | Villager (Male) |
| 24:53 | Queue | Villager (Male) |
| 24:54 | Queue | Villager (Male) |
| 24:54 | Queue | Villager (Male) |
| 24:57 | Age | Castle Age |
| 24:59 | Research | Crossbowman (upgrade) |
| 25:10 | Build | Siege Workshop |
| 25:23 | Queue | Archer |
| 25:23 | Queue | Archer |
| 25:28 | Build | House |
| 25:29 | Build | House |
Build order — LMG_Leonardo
First 150 of 378 actions detected
| 0:39 | Build | Town Center |
| 1:08 | Build | House |
| 1:10 | Build | House |
| 2:17 | Build | House |
| 2:29 | Build | House |
| 2:44 | Build | House |
| 2:56 | Build | House |
| 3:07 | Build | House |
| 3:15 | Queue | Villager (Male) |
| 3:31 | Queue | Villager (Male) |
| 3:32 | Queue | Villager (Male) |
| 3:32 | Queue | Villager (Male) |
| 3:32 | Queue | Villager (Male) |
| 4:23 | Queue | Villager (Male) |
| 4:23 | Queue | Villager (Male) |
| 4:59 | Queue | Villager (Male) |
| 4:59 | Queue | Villager (Male) |
| 5:25 | Build | Lumber Camp |
| 5:31 | Queue | Villager (Male) |
| 5:31 | Queue | Villager (Male) |
| 6:33 | Queue | Villager (Male) |
| 6:33 | Queue | Villager (Male) |
| 6:34 | Queue | Villager (Male) |
| 6:34 | Queue | Villager (Male) |
| 6:42 | Build | House |
| 6:47 | Build | House |
| 6:54 | Queue | Villager (Male) |
| 6:54 | Queue | Villager (Male) |
| 7:15 | Queue | Villager (Male) |
| 7:15 | Queue | Villager (Male) |
| 7:24 | Build | House |
| 7:37 | Build | House |
| 7:53 | Queue | Villager (Male) |
| 7:53 | Queue | Villager (Male) |
| 8:31 | Queue | Villager (Male) |
| 8:31 | Queue | Villager (Male) |
| 8:31 | Queue | Villager (Male) |
| 8:42 | Build | Mining Camp |
| 8:45 | Queue | Villager (Male) |
| 8:45 | Queue | Villager (Male) |
| 9:39 | Build | House |
| 10:30 | Research | Feudal Age |
| 10:32 | Research | Loom |
| 10:51 | Queue | Villager (Male) |
| 12:19 | Build | House |
| 12:35 | Build | House |
| 12:46 | Build | House |
| 12:53 | Build | House |
| 12:55 | Age | Feudal Age |
| 13:03 | Build | Blacksmith |
| 13:27 | Build | Mill |
| 13:29 | Queue | Villager (Male) |
| 13:42 | Build | Mining Camp |
| 14:00 | Queue | Villager (Male) |
| 14:12 | Build | Market |
| 14:17 | Queue | Villager (Male) |
| 14:45 | Research | Castle Age |
| 15:26 | Research | Double-Bit Axe |
| 15:27 | Research | Double-Bit Axe |
| 16:38 | Queue | Villager (Male) |
| 17:40 | Age | Castle Age |
| 17:58 | Build | Castle |
| 18:04 | Queue | Villager (Male) |
| 18:04 | Queue | Villager (Male) |
| 18:05 | Queue | Villager (Male) |
| 18:08 | Build | House |
| 18:18 | Build | Castle |
| 18:23 | Build | Palisade Wall |
| 18:25 | Build | Palisade Wall |
| 18:30 | Build | Palisade Wall |
| 18:36 | Build | Palisade Wall |
| 18:51 | Queue | Villager (Male) |
| 18:51 | Queue | Villager (Male) |
| 19:50 | Queue | Villager (Male) |
| 20:06 | Build | Mill |
| 20:13 | Build | Mining Camp |
| 20:20 | Queue | Villager (Male) |
| 20:21 | Queue | Villager (Male) |
| 20:54 | Queue | Conquistador |
| 20:54 | Queue | Conquistador |
| 20:55 | Queue | Conquistador |
| 21:01 | Queue | Villager (Male) |
| 21:01 | Queue | Villager (Male) |
| 21:22 | Queue | Villager (Male) |
| 21:22 | Queue | Villager (Male) |
| 21:36 | Queue | Villager (Male) |
| 21:36 | Queue | Villager (Male) |
| 22:08 | Queue | Conquistador |
| 22:10 | Queue | Villager (Male) |
| 22:10 | Queue | Villager (Male) |
| 22:10 | Queue | Villager (Male) |
| 22:11 | Queue | Villager (Male) |
| 22:35 | Queue | Villager (Male) |
| 22:35 | Queue | Villager (Male) |
| 22:36 | Queue | Villager (Male) |
| 23:01 | Build | Mill |
| 23:20 | Queue | Villager (Male) |
| 23:21 | Queue | Villager (Male) |
| 23:21 | Queue | Villager (Male) |
| 23:22 | Queue | Villager (Male) |
| 23:48 | Queue | Conquistador |
| 23:48 | Queue | Conquistador |
| 23:48 | Queue | Conquistador |
| 23:48 | Queue | Conquistador |
| 24:27 | Queue | Villager (Male) |
| 24:27 | Queue | Villager (Male) |
| 24:28 | Queue | Villager (Male) |
| 24:28 | Queue | Villager (Male) |
| 24:37 | Build | Mining Camp |
| 24:44 | Queue | Conquistador |
| 24:45 | Queue | Conquistador |
| 24:45 | Queue | Conquistador |
| 25:26 | Queue | Villager (Male) |
| 25:26 | Queue | Villager (Male) |
| 25:26 | Queue | Villager (Male) |
| 25:27 | Queue | Villager (Male) |
| 25:33 | Build | Town Center |
| 25:47 | Build | Mining Camp |
| 26:05 | Queue | Conquistador |
| 26:05 | Queue | Conquistador |
| 26:19 | Queue | Villager (Male) |
| 26:19 | Queue | Villager (Male) |
| 26:19 | Queue | Villager (Male) |
| 26:50 | Queue | Villager (Male) |
| 27:05 | Queue | Villager (Male) |
| 27:35 | Queue | Villager (Male) |
| 27:35 | Queue | Villager (Male) |
| 28:07 | Queue | Villager (Male) |
| 28:07 | Queue | Villager (Male) |
| 28:35 | Queue | Conquistador |
| 28:35 | Queue | Conquistador |
| 28:35 | Queue | Conquistador |
| 28:35 | Queue | Conquistador |
| 28:36 | Queue | Conquistador |
| 28:36 | Queue | Conquistador |
| 29:06 | Queue | Villager (Male) |
| 29:06 | Queue | Villager (Male) |
| 29:34 | Build | Castle |
| 30:23 | Queue | Villager (Male) |
| 30:23 | Queue | Villager (Male) |
| 30:52 | Queue | Villager (Male) |
| 30:52 | Queue | Villager (Male) |
| 30:52 | Queue | Villager (Male) |
| 30:53 | Queue | Villager (Male) |
| 30:53 | Queue | Villager (Male) |
| 31:08 | Build | Mining Camp |
| 31:19 | Research | Fletching |
| 31:51 | Queue | Villager (Male) |
| 31:51 | Queue | Villager (Male) |
| 31:52 | Queue | Villager (Male) |
Build order — Mayhem
First 150 of 214 actions detected
| 0:09 | Build | Town Center |
| 2:26 | Queue | Villager (Male) |
| 2:27 | Queue | Villager (Male) |
| 2:27 | Queue | Villager (Male) |
| 2:27 | Queue | Villager (Male) |
| 3:41 | Queue | Villager (Male) |
| 3:42 | Queue | Villager (Male) |
| 4:46 | Queue | Villager (Male) |
| 5:03 | Queue | Villager (Male) |
| 5:31 | Build | Lumber Camp |
| 5:39 | Queue | Villager (Male) |
| 5:39 | Queue | Villager (Male) |
| 5:39 | Queue | Villager (Male) |
| 5:40 | Research | Loom |
| 5:44 | Queue | Villager (Male) |
| 5:44 | Queue | Villager (Male) |
| 6:25 | Queue | Villager (Male) |
| 6:25 | Queue | Villager (Male) |
| 6:26 | Queue | Villager (Male) |
| 7:59 | Build | Mill |
| 8:40 | Queue | Villager (Male) |
| 8:45 | Queue | Villager (Male) |
| 10:04 | Build | Palisade Wall |
| 10:12 | Research | Feudal Age |
| 10:28 | Build | Barracks |
| 10:41 | Queue | Villager (Male) |
| 12:32 | Age | Feudal Age |
| 12:34 | Build | Stable |
| 12:37 | Queue | Villager (Male) |
| 13:10 | Queue | Villager (Male) |
| 13:11 | Research | Double-Bit Axe |
| 13:16 | Build | Mining Camp |
| 13:25 | Queue | Villager (Male) |
| 13:31 | Queue | Scout Cavalry |
| 13:50 | Queue | Villager (Male) |
| 14:06 | Queue | Scout Cavalry |
| 14:22 | Queue | Villager (Male) |
| 14:33 | Queue | Scout Cavalry |
| 14:40 | Queue | Villager (Male) |
| 14:50 | Build | Blacksmith |
| 14:55 | Build | Palisade Wall |
| 14:59 | Build | Outpost |
| 15:12 | Queue | Villager (Male) |
| 15:31 | Queue | Villager (Male) |
| 15:43 | Build | Farm |
| 15:57 | Queue | Villager (Male) |
| 16:00 | Queue | Scout Cavalry |
| 16:22 | Build | Farm |
| 16:34 | Build | Farm |
| 16:35 | Queue | Villager (Male) |
| 17:13 | Queue | Villager (Male) |
| 17:31 | Research | Castle Age |
| 17:41 | Queue | Villager (Male) |
| 18:00 | Build | Farm |
| 18:03 | Build | Farm |
| 18:03 | Build | Farm |
| 18:03 | Build | Farm |
| 18:04 | Build | Farm |
| 18:04 | Build | Farm |
| 18:04 | Build | Farm |
| 18:04 | Build | Farm |
| 18:05 | Build | Farm |
| 18:44 | Research | Horse Collar |
| 19:22 | Queue | Villager (Male) |
| 19:35 | Research | Scale Barding Armor |
| 20:02 | Research | Bloodlines |
| 20:07 | Build | Stable |
| 20:15 | Build | Archery Range |
| 20:18 | Age | Castle Age |
| 20:19 | Build | Archery Range |
| 20:23 | Queue | Villager (Male) |
| 20:41 | Research | Fletching |
| 21:12 | Queue | Cavalry Archer |
| 21:15 | Queue | Cavalry Archer |
| 21:27 | Build | Town Center |
| 21:37 | Queue | Cavalry Archer |
| 21:39 | Research | Bodkin Arrow |
| 21:46 | Queue | Villager (Male) |
| 21:51 | Build | Farm |
| 21:54 | Build | Farm |
| 21:57 | Build | Farm |
| 22:00 | Build | Farm |
| 22:03 | Build | Farm |
| 22:04 | Queue | Villager (Male) |
| 22:09 | Queue | Cavalry Archer |
| 22:10 | Queue | Cavalry Archer |
| 22:28 | Queue | Villager (Male) |
| 22:42 | Queue | Villager (Male) |
| 22:55 | Queue | Cavalry Archer |
| 23:15 | Queue | Villager (Male) |
| 23:31 | Queue | Villager (Male) |
| 23:36 | Research | Gold Mining |
| 23:50 | Queue | Cavalry Archer |
| 23:50 | Queue | Cavalry Archer |
| 24:13 | Queue | Villager (Male) |
| 24:14 | Queue | Villager (Male) |
| 24:18 | Build | University |
| 25:30 | Queue | Cavalry Archer |
| 25:30 | Queue | Cavalry Archer |
| 25:31 | Research | Thumb Ring |
| 25:42 | Queue | Villager (Male) |
| 25:42 | Queue | Villager (Male) |
| 25:45 | Research | Town Watch |
| 25:53 | Queue | Villager (Male) |
| 25:54 | Queue | Villager (Male) |
| 25:56 | Build | Farm |
| 25:57 | Build | Farm |
| 25:57 | Build | Farm |
| 26:00 | Research | Ballistics |
| 26:05 | Research | Padded Archer Armor |
| 26:39 | Queue | Cavalry Archer ×3 |
| 27:13 | Queue | Cavalry Archer |
| 27:13 | Queue | Cavalry Archer |
| 27:22 | Queue | Villager (Male) |
| 27:22 | Queue | Villager (Male) |
| 27:22 | Queue | Villager (Male) |
| 27:36 | Research | Husbandry |
| 27:53 | Queue | Cavalry Archer |
| 27:53 | Queue | Cavalry Archer |
| 28:38 | Queue | Villager (Male) |
| 28:38 | Queue | Villager (Male) |
| 28:40 | Research | Wheelbarrow |
| 28:42 | Queue | Villager (Male) |
| 28:42 | Queue | Villager (Male) |
| 28:48 | Research | Heavy Plow |
| 29:04 | Build | Archery Range |
| 29:06 | Queue | Villager (Male) |
| 29:06 | Queue | Villager (Male) |
| 30:05 | Queue | Cavalry Archer ×5 |
| 31:12 | Queue | Villager (Male) |
| 31:12 | Queue | Villager (Male) |
| 31:26 | Queue | Cavalry Archer |
| 31:26 | Queue | Cavalry Archer |
| 32:11 | Build | Mining Camp |
| 32:47 | Queue | Villager (Male) |
| 32:47 | Queue | Villager (Male) |
| 32:47 | Queue | Villager (Male) |
| 32:50 | Build | Archery Range |
| 32:58 | Build | Archery Range |
| 33:00 | Build | Archery Range |
| 34:17 | Queue | Cavalry Archer ×5 |
| 34:17 | Queue | Cavalry Archer ×3 |
| 34:55 | Queue | Cavalry Archer ×3 |
| 35:00 | Build | Market |
| 35:20 | Queue | Cavalry Archer |
| 35:20 | Queue | Cavalry Archer |
| 35:20 | Queue | Cavalry Archer |
| 35:21 | Queue | Cavalry Archer |
| 35:43 | Queue | Villager (Male) |
| 35:44 | Queue | Villager (Male) |
Build order — LMG_SON SABANDIJAS
First 150 of 502 actions detected
| 1:10 | Build | Town Center |
| 3:28 | Build | House |
| 3:33 | Queue | Villager (Male) |
| 3:33 | Queue | Villager (Male) |
| 3:33 | Queue | Villager (Male) |
| 3:34 | Queue | Villager (Male) |
| 3:34 | Queue | Villager (Male) |
| 3:34 | Queue | Villager (Male) |
| 4:43 | Queue | Villager (Male) |
| 4:43 | Queue | Villager (Male) |
| 4:55 | Queue | Villager (Male) |
| 4:55 | Queue | Villager (Male) |
| 5:18 | Build | Lumber Camp |
| 5:45 | Build | House |
| 5:50 | Queue | Villager (Male) |
| 5:50 | Queue | Villager (Male) |
| 6:08 | Queue | Villager (Male) |
| 6:08 | Queue | Villager (Male) |
| 6:09 | Queue | Villager (Male) |
| 6:14 | Build | House |
| 6:17 | Queue | Villager (Male) |
| 6:18 | Queue | Villager (Male) |
| 6:27 | Build | House |
| 6:28 | Build | Palisade Wall |
| 6:43 | Queue | Villager (Male) |
| 6:44 | Queue | Villager (Male) |
| 7:03 | Queue | Villager (Male) |
| 7:03 | Queue | Villager (Male) |
| 7:36 | Queue | Villager (Male) |
| 7:36 | Queue | Villager (Male) |
| 7:57 | Queue | Villager (Male) |
| 7:57 | Queue | Villager (Male) |
| 8:04 | Build | Mill |
| 8:28 | Queue | Villager (Male) |
| 8:29 | Queue | Villager (Male) |
| 8:55 | Queue | Villager (Male) |
| 8:56 | Queue | Villager (Male) |
| 9:02 | Queue | Villager (Male) |
| 9:14 | Queue | Villager (Male) |
| 9:14 | Queue | Villager (Male) |
| 9:20 | Build | Mill |
| 9:40 | Queue | Villager (Male) |
| 9:40 | Queue | Villager (Male) |
| 9:55 | Queue | Villager (Male) |
| 10:08 | Queue | Villager (Male) |
| 10:08 | Queue | Villager (Male) |
| 10:42 | Research | Loom |
| 11:45 | Research | Feudal Age |
| 11:58 | Build | House |
| 12:03 | Build | Palisade Wall |
| 12:05 | Build | Palisade Gate |
| 12:10 | Queue | Villager (Male) |
| 12:10 | Queue | Villager (Male) |
| 12:27 | Build | Barracks |
| 12:40 | Queue | Villager (Male) |
| 13:38 | Queue | Villager (Male) |
| 14:21 | Age | Feudal Age |
| 14:29 | Build | Stable |
| 14:33 | Queue | Villager (Male) |
| 14:57 | Build | House |
| 15:04 | Research | Double-Bit Axe |
| 15:20 | Queue | Scout Cavalry |
| 15:21 | Queue | Scout Cavalry |
| 15:21 | Queue | Scout Cavalry |
| 15:21 | Queue | Scout Cavalry |
| 15:45 | Build | House |
| 15:51 | Build | Blacksmith |
| 15:53 | Queue | Villager (Male) |
| 16:06 | Research | Horse Collar |
| 16:07 | Queue | Villager (Male) |
| 16:08 | Queue | Villager (Male) |
| 16:13 | Build | Mill |
| 16:14 | Queue | Villager (Male) |
| 16:33 | Queue | Scout Cavalry |
| 16:59 | Queue | Scout Cavalry |
| 17:06 | Queue | Villager (Male) |
| 17:06 | Queue | Villager (Male) |
| 17:16 | Queue | Villager (Male) |
| 17:16 | Queue | Villager (Male) |
| 17:41 | Queue | Villager (Male) |
| 17:51 | Build | Farm |
| 17:52 | Build | Farm |
| 17:52 | Build | Farm |
| 17:52 | Build | Farm |
| 17:52 | Build | Farm |
| 17:53 | Queue | Villager (Male) |
| 18:15 | Build | House |
| 18:32 | Queue | Villager (Male) |
| 18:32 | Queue | Villager (Male) |
| 18:33 | Queue | Villager (Male) |
| 18:37 | Build | Mining Camp |
| 19:04 | Build | House |
| 19:06 | Queue | Villager (Male) |
| 19:17 | Research | Forging |
| 19:54 | Queue | Villager (Male) |
| 20:00 | Build | Market |
| 20:14 | Queue | Villager (Male) |
| 20:43 | Queue | Villager (Male) |
| 20:52 | Build | Stable |
| 20:56 | Research | Castle Age |
| 21:06 | Build | Mill |
| 21:15 | Queue | Villager (Male) |
| 21:15 | Queue | Villager (Male) |
| 21:19 | Build | Farm |
| 21:20 | Build | Farm |
| 21:20 | Build | Farm |
| 21:25 | Research | Scale Barding Armor |
| 21:50 | Queue | Villager (Male) |
| 22:45 | Build | Stable |
| 23:04 | Queue | Villager (Male) |
| 23:09 | Build | House |
| 23:23 | Age | Castle Age |
| 23:28 | Queue | Camel Scout |
| 23:28 | Queue | Camel Scout |
| 23:29 | Queue | Camel Scout |
| 23:30 | Research | Bloodlines |
| 23:32 | Research | Iron Casting |
| 23:32 | Research | Iron Casting |
| 23:34 | Queue | Villager (Male) |
| 23:39 | Build | Town Center |
| 23:44 | Research | Heavy Plow |
| 23:50 | Queue | Scout Cavalry |
| 23:50 | Queue | Scout Cavalry |
| 23:59 | Build | House |
| 24:06 | Research | Husbandry |
| 24:06 | Research | Husbandry |
| 24:09 | Build | House |
| 24:26 | Queue | Knight |
| 24:27 | Queue | Knight |
| 25:04 | Queue | Knight |
| 25:04 | Queue | Knight |
| 25:11 | Build | Farm |
| 25:11 | Build | Farm |
| 25:12 | Build | Farm |
| 25:15 | Queue | Villager (Male) |
| 25:15 | Queue | Villager (Male) |
| 25:16 | Queue | Villager (Male) |
| 25:42 | Queue | Knight |
| 25:42 | Queue | Knight |
| 25:45 | Queue | Villager (Male) |
| 25:54 | Build | Town Center |
| 25:57 | Queue | Villager (Male) |
| 25:57 | Queue | Villager (Male) |
| 25:57 | Queue | Villager (Male) |
| 26:11 | Queue | Knight |
| 26:12 | Queue | Knight |
| 26:19 | Queue | Villager (Male) |
| 26:19 | Queue | Villager (Male) |
| 26:33 | Queue | Knight |
| 26:50 | Queue | Knight |
Build order — Niimiiitzz'
First 150 of 273 actions detected
| 0:55 | Build | Town Center |
| 1:33 | Build | House |
| 3:01 | Queue | Villager (Male) |
| 3:02 | Queue | Villager (Male) |
| 3:02 | Queue | Villager (Male) |
| 3:02 | Queue | Villager (Male) |
| 3:02 | Queue | Villager (Male) |
| 4:14 | Queue | Villager (Male) |
| 4:38 | Queue | Villager (Male) |
| 4:50 | Build | Lumber Camp |
| 4:52 | Queue | Villager (Male) |
| 5:12 | Queue | Villager (Male) |
| 5:18 | Build | House |
| 5:37 | Queue | Villager (Male) |
| 5:57 | Queue | Villager (Male) |
| 6:23 | Queue | Villager (Male) |
| 6:55 | Build | House |
| 7:15 | Queue | Villager (Male) |
| 7:38 | Queue | Villager (Male) |
| 8:23 | Build | Mill |
| 8:26 | Queue | Villager (Male) |
| 8:35 | Build | House |
| 8:47 | Queue | Villager (Male) |
| 8:51 | Queue | Villager (Male) |
| 9:14 | Queue | Villager (Male) |
| 9:38 | Queue | Villager (Male) |
| 10:09 | Build | Mining Camp |
| 10:17 | Research | Loom |
| 10:18 | Research | Feudal Age |
| 12:16 | Build | Barracks |
| 12:31 | Build | House |
| 12:46 | Queue | Villager (Male) |
| 13:07 | Age | Feudal Age |
| 13:15 | Build | Palisade Wall |
| 13:23 | Build | Archery Range |
| 13:27 | Queue | Villager (Male) |
| 13:57 | Queue | Villager (Male) |
| 14:08 | Research | Double-Bit Axe |
| 14:10 | Queue | Villager (Male) |
| 14:19 | Queue | Archer |
| 14:20 | Queue | Archer |
| 14:28 | Build | Palisade Wall |
| 14:33 | Build | Palisade Gate |
| 14:40 | Queue | Villager (Male) |
| 15:09 | Queue | Villager (Male) |
| 15:17 | Build | Blacksmith |
| 15:22 | Queue | Villager (Male) |
| 15:34 | Build | House |
| 15:41 | Queue | Villager (Male) |
| 16:07 | Research | Fletching |
| 16:09 | Queue | Villager (Male) |
| 16:15 | Queue | Villager (Male) |
| 16:54 | Queue | Villager (Male) |
| 16:56 | Queue | Archer |
| 16:56 | Queue | Archer |
| 17:22 | Queue | Villager (Male) |
| 17:26 | Build | House |
| 17:40 | Queue | Villager (Male) |
| 18:03 | Build | Archery Range |
| 18:04 | Queue | Villager (Male) |
| 18:05 | Queue | Villager (Male) |
| 19:14 | Queue | Villager (Male) |
| 19:20 | Queue | Villager (Male) |
| 19:20 | Queue | Villager (Male) |
| 20:05 | Queue | Villager (Male) |
| 21:01 | Queue | Villager (Male) |
| 21:30 | Queue | Skirmisher |
| 21:31 | Queue | Skirmisher |
| 21:31 | Queue | Skirmisher |
| 21:40 | Build | Mill |
| 22:16 | Build | Market |
| 22:21 | Queue | Villager (Male) |
| 22:43 | Build | House |
| 22:50 | Queue | Skirmisher |
| 23:02 | Research | Castle Age |
| 23:09 | Build | Mill |
| 23:46 | Queue | Skirmisher |
| 23:58 | Build | House |
| 24:22 | Build | House |
| 24:25 | Build | House |
| 25:21 | Build | House |
| 25:42 | Age | Castle Age |
| 25:45 | Build | Town Center |
| 25:56 | Research | Bow Saw |
| 26:16 | Build | Farm |
| 26:16 | Build | Farm |
| 26:16 | Build | Farm |
| 26:17 | Build | Farm |
| 26:17 | Build | Farm |
| 26:17 | Build | Farm |
| 26:18 | Build | Farm |
| 26:18 | Build | Farm |
| 26:25 | Build | Stable |
| 26:26 | Queue | Villager (Male) |
| 26:28 | Queue | Villager (Male) |
| 26:44 | Build | Town Center |
| 26:52 | Build | Farm |
| 26:52 | Build | Farm |
| 26:52 | Build | Farm |
| 26:52 | Build | Farm |
| 26:53 | Build | Farm |
| 26:53 | Build | Farm |
| 26:57 | Queue | Villager (Male) |
| 27:16 | Research | Scale Barding Armor |
| 27:26 | Queue | Villager (Male) |
| 27:26 | Queue | Villager (Male) |
| 27:32 | Queue | Steppe Lancer |
| 27:35 | Research | Husbandry |
| 27:35 | Research | Bloodlines |
| 27:48 | Queue | Villager (Male) |
| 27:57 | Build | Mining Camp |
| 28:06 | Build | Stable |
| 28:08 | Queue | Villager (Male) |
| 28:11 | Build | Farm |
| 28:49 | Queue | Villager (Male) |
| 29:01 | Queue | Steppe Lancer |
| 29:01 | Queue | Steppe Lancer |
| 29:01 | Queue | Steppe Lancer |
| 29:01 | Queue | Steppe Lancer |
| 29:08 | Build | Mining Camp |
| 29:09 | Queue | Villager (Male) |
| 29:18 | Queue | Steppe Lancer |
| 29:18 | Queue | Steppe Lancer |
| 29:53 | Build | Town Center |
| 30:00 | Queue | Villager (Male) |
| 30:03 | Queue | Villager (Male) |
| 30:08 | Queue | Steppe Lancer |
| 30:09 | Queue | Steppe Lancer |
| 30:37 | Research | Chain Barding Armor |
| 31:02 | Queue | Villager (Male) |
| 31:05 | Queue | Villager (Male) |
| 31:21 | Queue | Steppe Lancer |
| 31:21 | Queue | Steppe Lancer |
| 31:59 | Research | Forging |
| 32:01 | Queue | Villager (Male) |
| 32:03 | Queue | Villager (Male) |
| 32:12 | Research | Elite Skirmisher (upgrade) |
| 32:25 | Queue | Villager (Male) |
| 32:29 | Queue | Villager (Male) |
| 32:38 | Build | Monastery |
| 32:40 | Queue | Villager (Male) |
| 32:50 | Build | Stable |
| 32:53 | Queue | Villager (Male) |
| 32:58 | Queue | Steppe Lancer |
| 32:58 | Queue | Steppe Lancer |
| 32:59 | Queue | Steppe Lancer |
| 33:17 | Queue | Villager (Male) |
| 33:27 | Build | House |
| 33:28 | Queue | Monk |
| 33:33 | Queue | Villager (Male) |
Build order — Mark Renton
First 150 of 372 actions detected
| 0:27 | Build | Town Center |
| 1:09 | Build | House |
| 2:34 | Queue | Villager (Male) |
| 2:34 | Queue | Villager (Male) |
| 2:34 | Queue | Villager (Male) |
| 2:34 | Queue | Villager (Male) |
| 2:35 | Queue | Villager (Male) |
| 3:56 | Build | House |
| 4:04 | Queue | Villager (Male) |
| 4:04 | Queue | Villager (Male) |
| 4:04 | Queue | Villager (Male) |
| 4:07 | Queue | Villager (Male) |
| 4:24 | Build | House |
| 4:41 | Queue | Villager (Male) |
| 4:41 | Queue | Villager (Male) |
| 4:52 | Build | Lumber Camp |
| 4:56 | Queue | Villager (Male) |
| 5:19 | Queue | Villager (Male) |
| 5:40 | Queue | Villager (Male) |
| 5:40 | Queue | Villager (Male) |
| 6:04 | Queue | Villager (Male) |
| 6:04 | Queue | Villager (Male) |
| 6:29 | Queue | Villager (Male) |
| 6:45 | Build | House |
| 6:55 | Queue | Villager (Male) |
| 6:55 | Queue | Villager (Male) |
| 7:36 | Research | Loom |
| 7:37 | Queue | Villager (Male) |
| 7:58 | Queue | Villager (Male) |
| 7:58 | Queue | Villager (Male) |
| 7:59 | Queue | Villager (Male) |
| 8:03 | Build | Mill |
| 8:31 | Queue | Villager (Male) |
| 8:31 | Queue | Villager (Male) |
| 8:32 | Queue | Villager (Male) |
| 9:01 | Build | House |
| 9:09 | Queue | Villager (Male) |
| 9:16 | Build | House |
| 9:32 | Build | House |
| 9:36 | Build | House |
| 9:49 | Queue | Villager (Male) |
| 9:49 | Queue | Villager (Male) |
| 10:28 | Build | Mining Camp |
| 10:41 | Research | Feudal Age |
| 10:41 | Research | Feudal Age |
| 10:52 | Build | House |
| 11:04 | Build | Outpost |
| 11:12 | Build | Outpost |
| 11:45 | Build | Outpost |
| 12:12 | Build | Palisade Wall |
| 12:19 | Build | Barracks |
| 12:43 | Build | Palisade Wall |
| 13:00 | Queue | Villager (Male) |
| 13:04 | Age | Feudal Age |
| 13:06 | Build | Archery Range |
| 13:10 | Research | Double-Bit Axe |
| 13:10 | Research | Double-Bit Axe |
| 13:12 | Research | Town Watch |
| 13:13 | Queue | Villager (Male) |
| 13:45 | Queue | Archer |
| 13:45 | Queue | Archer |
| 13:48 | Queue | Villager (Male) |
| 14:20 | Build | Blacksmith |
| 14:23 | Queue | Archer |
| 14:28 | Queue | Villager (Male) |
| 14:49 | Queue | Villager (Male) |
| 15:02 | Build | Mill |
| 15:05 | Build | House |
| 15:08 | Research | Fletching |
| 15:08 | Research | Fletching |
| 15:09 | Queue | Archer |
| 15:09 | Queue | Archer |
| 15:13 | Queue | Villager (Male) |
| 15:13 | Queue | Villager (Male) |
| 15:38 | Build | Archery Range |
| 15:43 | Queue | Villager (Male) |
| 16:04 | Queue | Skirmisher |
| 16:17 | Build | House |
| 16:22 | Build | House |
| 16:25 | Queue | Archer |
| 16:29 | Build | House |
| 16:31 | Queue | Villager (Male) |
| 16:48 | Queue | Archer |
| 16:48 | Queue | Archer |
| 16:51 | Build | Farm |
| 16:53 | Build | Farm |
| 17:09 | Queue | Archer |
| 17:09 | Queue | Archer |
| 17:10 | Queue | Archer |
| 17:18 | Queue | Skirmisher |
| 17:30 | Queue | Villager (Male) |
| 17:30 | Queue | Villager (Male) |
| 17:31 | Queue | Villager (Male) |
| 17:31 | Queue | Villager (Male) |
| 17:31 | Queue | Villager (Male) |
| 17:31 | Queue | Villager (Male) |
| 17:59 | Queue | Archer |
| 17:59 | Queue | Archer |
| 18:11 | Queue | Villager (Male) |
| 18:11 | Queue | Villager (Male) |
| 18:13 | Build | Farm |
| 18:36 | Build | Farm |
| 18:38 | Queue | Archer |
| 18:38 | Queue | Archer |
| 18:40 | Build | Market |
| 19:06 | Queue | Villager (Male) |
| 19:06 | Queue | Villager (Male) |
| 19:20 | Build | Farm |
| 19:29 | Queue | Villager (Male) |
| 19:29 | Queue | Villager (Male) |
| 19:55 | Queue | Archer |
| 19:55 | Queue | Archer |
| 19:55 | Queue | Archer |
| 20:11 | Build | Watch Tower |
| 20:14 | Build | House |
| 20:19 | Queue | Archer |
| 20:19 | Queue | Archer |
| 20:36 | Build | Farm |
| 20:37 | Build | Farm |
| 20:37 | Build | Farm |
| 20:37 | Build | Farm |
| 20:37 | Build | Farm |
| 20:38 | Build | Farm |
| 21:00 | Queue | Archer |
| 21:00 | Queue | Archer |
| 21:28 | Queue | Archer |
| 21:46 | Build | Palisade Gate |
| 21:53 | Queue | Archer |
| 21:53 | Queue | Archer |
| 21:53 | Queue | Archer |
| 21:58 | Research | Castle Age |
| 21:58 | Research | Castle Age |
| 21:58 | Research | Castle Age |
| 22:21 | Build | House |
| 22:24 | Build | House |
| 22:45 | Queue | Archer |
| 23:24 | Build | Mining Camp |
| 24:06 | Queue | Archer ×5 |
| 24:06 | Queue | Archer ×5 |
| 24:25 | Build | Farm |
| 24:38 | Age | Castle Age |
| 24:39 | Research | Bodkin Arrow |
| 24:39 | Research | Bodkin Arrow |
| 24:39 | Research | Bodkin Arrow |
| 24:49 | Research | Crossbowman (upgrade) |
| 24:49 | Research | Crossbowman (upgrade) |
| 24:49 | Research | Crossbowman (upgrade) |
| 25:32 | Build | Town Center |
| 25:47 | Queue | Villager (Male) |
| 25:47 | Queue | Villager (Male) |
Match timeline
| 6:28 | LMG_SON SABANDIJAS · wall_segment Palisade Wall x1 |
| 10:04 | Mayhem · wall_segment Palisade Wall x3 |
| 10:27 | LMG_HERA DE TEMU · first_building Barracks |
| 10:28 | Mayhem · first_building Barracks |
| 12:03 | LMG_SON SABANDIJAS · wall_segment Palisade Wall x5 |
| 12:12 | Mark Renton · wall_segment Palisade Wall x9 |
| 12:13 | LMG_HERA DE TEMU · age_up feudal |
| 12:16 | Niimiiitzz' · first_building Barracks |
| 12:19 | Mark Renton · first_building Barracks |
| 12:27 | LMG_SON SABANDIJAS · first_building Barracks |
| 12:32 | Mayhem · age_up feudal |
| 12:32 | LMG_HERA DE TEMU · first_building Archery Range |
| 12:34 | Mayhem · first_building Stable |
| 12:43 | Mark Renton · wall_segment Palisade Wall x3 |
| 12:55 | LMG_Leonardo · age_up feudal |
| 13:04 | Mark Renton · age_up feudal |
| 13:06 | Mark Renton · first_building Archery Range |
| 13:07 | Niimiiitzz' · age_up feudal |
| 13:15 | Niimiiitzz' · wall_segment Palisade Wall x8 |
| 13:23 | Niimiiitzz' · first_building Archery Range |
| 13:37 | LMG_HERA DE TEMU · wall_segment Palisade Wall x3 |
| 14:21 | LMG_SON SABANDIJAS · age_up feudal |
| 14:28 | Niimiiitzz' · wall_segment Palisade Wall x12 |
| 14:29 | LMG_SON SABANDIJAS · first_building Stable |
| 14:55 | Mayhem · wall_segment Palisade Wall x6 |
| 17:40 | LMG_Leonardo · age_up castle |
| 17:40 | LMG_Leonardo · first_market_sell 100 food |
| 17:41 | LMG_Leonardo · first_market_buy 100 stone |
| 17:42 | LMG_HERA DE TEMU · first_building Stable |
| 17:58 | LMG_Leonardo · first_building Castle |
| 18:23 | LMG_Leonardo · wall_segment Palisade Wall x1 |
| 18:25 | LMG_Leonardo · wall_segment Palisade Wall x1 |
| 18:30 | LMG_Leonardo · wall_segment Palisade Wall x1 |
| 18:36 | LMG_Leonardo · wall_segment Palisade Wall x2 |
| 20:15 | Mayhem · first_building Archery Range |
| 20:18 | Mayhem · age_up castle |
| 20:47 | LMG_SON SABANDIJAS · first_market_sell 100 food |
| 21:56 | Mark Renton · first_market_sell 100 food |
| 22:14 | LMG_HERA DE TEMU · first_market_buy 100 food |
| 23:23 | LMG_SON SABANDIJAS · age_up castle |
| 23:44 | LMG_HERA DE TEMU · first_market_sell 100 wood |
| 24:38 | Mark Renton · age_up castle |
| 24:47 | Mark Renton · first_market_buy 100 food |
| 24:57 | LMG_HERA DE TEMU · age_up castle |
| 25:10 | LMG_HERA DE TEMU · first_building Siege Workshop |
| 25:42 | Niimiiitzz' · age_up castle |
| 25:59 | Mark Renton · first_building Siege Workshop |
| 26:25 | Niimiiitzz' · first_building Stable |
| 28:12 | LMG_SON SABANDIJAS · first_market_buy 100 stone |
| 29:42 | Niimiiitzz' · first_market_sell 100 wood |
| 29:45 | Niimiiitzz' · first_market_buy 100 stone |
| 29:52 | Mark Renton · first_building Monastery |
| 32:38 | Niimiiitzz' · first_building Monastery |
| 34:23 | LMG_HERA DE TEMU · first_building Castle |
| 35:46 | LMG_Leonardo · first_building Barracks |
| 35:59 | Mayhem · first_building Castle |
| 37:30 | Mark Renton · first_building Stable |
| 38:25 | LMG_SON SABANDIJAS · first_building Siege Workshop |
| 39:03 | LMG_SON SABANDIJAS · first_building Castle |
| 40:03 | LMG_Leonardo · first_building Stable |
| 40:11 | Mark Renton · age_up imperial |
| 40:42 | Niimiiitzz' · first_building Castle |
| 43:07 | Mark Renton · first_building Castle |
| 44:18 | LMG_Leonardo · tribute_sent a jugador 2 |
| 44:18 | LMG_Leonardo · tribute_sent a jugador 3 |
| 44:18 | LMG_Leonardo · tribute_sent a jugador 4 |
| 44:18 | LMG_Leonardo · tribute_sent a jugador 5 |
| 44:18 | LMG_Leonardo · tribute_sent a jugador 6 |
| 45:09 | LMG_SON SABANDIJAS · first_building Monastery |
| 45:15 | LMG_SON SABANDIJAS · age_up imperial |
| 46:53 | LMG_Leonardo · first_building Siege Workshop |
| 47:47 | Mayhem · resign |
| 48:45 | LMG_SON SABANDIJAS · tribute_sent a jugador 1 |
| 48:45 | LMG_SON SABANDIJAS · tribute_sent a jugador 2 |
| 48:45 | LMG_SON SABANDIJAS · tribute_sent a jugador 4 |
| 48:45 | LMG_SON SABANDIJAS · tribute_sent a jugador 5 |
| 48:45 | LMG_SON SABANDIJAS · tribute_sent a jugador 6 |
| 50:09 | LMG_HERA DE TEMU · age_up imperial |
[ AI ANALYSIS · 1 CREDIT ]
What really happened in this match?
Wolo.gg analyzes every decision: build order, eco, micro, common mistakes by bracket. Personalized analysis on WhatsApp or Discord in 30 seconds.
Civ guide
Vietnamese
Perfil
Jugador #12168959